 Dungeon Crawl Stone Soup version 0.21-a0-349-g0c35859 (webtiles) character file.

223 Hasart the Firebug (level 5, 0/28 HPs)
             Began as a Deep Elf Fire Elementalist on Oct 7, 2017.
             Killed from afar by Hasart's ghost (14 damage)
             ... with a flame tongue
             ... on level 3 of the Dungeon.
             The game lasted 00:07:15 (2883 turns).

Hasart the Firebug (Deep Elf Fire Elementalist)     Turns: 2883, Time: 00:07:16

Health: 0/28       AC:  3    Str:  5    XL:     5   Next: 66%
Magic:  3/13       EV: 12    Int: 21    God:
Gold:   169        SH:  0    Dex: 15    Spells: 2/12 levels left

rFire    . . .     SeeInvis .   l - +0 spear
rCold    . . .     Gourm    .   (no shield)
rNeg     + . .     Faith    .   o - +3 leather armour
rPois    .         Spirit   .   (no helmet)
rElec    .         Reflect  .   (no cloak)
rCorr    .         Harm     .   (no gloves)
MR       .....                  (no boots)
Stlth    ++........             (no amulet)
HPRegen  0.09/turn              j - -3 ring of protection (curse)
MPRegen  0.13/turn              p - ring of positive energy

@: no status effects
A: no striking features
a: no special abilities


You were on level 3 of the Dungeon.
You were not hungry.

You visited 1 branch of the dungeon, and saw 4 of its levels.

You collected 169 gold pieces.

Inventory:

Hand Weapons
 l - a +0 spear (weapon)
Armour
 a - a +0 robe
 o - a +3 leather armour (worn)
Jewellery
 j - a cursed -3 ring of protection (left hand)
 p - a ring of positive energy (right hand)
Wands
 q - a wand of digging (13/24)
Scrolls
 d - a scroll of fear {unknown}
 m - a scroll of identify {unknown}
 n - 2 scrolls of teleportation
Potions
 e - a potion of ambrosia {unknown}
 f - a potion of curing
 g - a potion of cancellation {unknown}
 i - a potion of mutation {unknown}
 k - a potion of lignification {unknown}
 s - a potion of brilliance {unknown}
 u - a potion of flight {unknown}
Books
 b - a book of Flames

   Spells                             Type                      Level
   a - Flame Tongue                   Conjuration/Fire             1
   b - Throw Flame                    Conjuration/Fire             2
   c - Conjure Flame                  Conjuration/Fire             3
   d - Inner Flame                    Hexes/Fire                   3
   e - Sticky Flame                   Conjuration/Fire             4
   f - Fireball                       Conjuration/Fire             5
Comestibles
 c - 6 bread rations
 h - a royal jelly
 t - 4 fruits


   Skills:
 - Level 2.4 Dodging
 - Level 2.4 Stealth
 + Level 4.4 Spellcasting
 * Level 4.0 Conjurations
 * Level 5.1 Fire Magic


You had 2 spell levels left.
You knew the following spells:

 Your Spells              Type           Power        Failure   Level  Hunger
a - Flame Tongue          Conj/Fire      ###..        3%          1    None
b - Sticky Flame          Conj/Fire      ###.....     28%         4    ####...
c - Fireball              Conj/Fire      ###.......   63%         5    ######.


Dungeon Overview and Level Annotations

Branches:
Dungeon (4/15)
 Temple: D:4-7

Altars:
Elyvilon
Makhleb
The Shining One

Annotations:
D:2 Sigmund
D:3 Hasart's ghost, weakling DEFE
D:4 Blork the orc


Message History

Casting: Fireball
Confirm with . or Enter, or press ? or * to list all spells.
Aiming: Sticky Flame
Press: ? - help, Shift-Dir - straight line, f - Hasart's ghost
Aim: Hasart's ghost The sticky flame hits Hasart's ghost.
Hasart's ghost is moderately damaged.
Hasart's ghost closely misses you.
Casting: Sticky Flame
Confirm with . or Enter, or press ? or * to list all spells.
Aiming: Sticky Flame
Press: ? - help, Shift-Dir - straight line, f/p - Hasart's ghost
Aim: Hasart's ghost (moderately damaged)
The sticky flame hits Hasart's ghost.
Hasart's ghost is moderately damaged.
Hasart's ghost hits you.
Hasart's ghost gestures at you while chanting.
The flame tongue hits you!
Ouch! That really hurt!
You die...

### #<# #W###########
#.#..........
#...#........
#####........
#........####
#.##...#.#
######@##...#.# #######
#.......W.....###......
#......................
#....>.................
#.........#######....$†
#.........# #......
#######'####### #......
#≈≈≈≈≈≈.≈≈≈≈≈≈# #......
#≈≈≈≈.....≈≈≈≈# #######


You could see Hasart's ghost.

Vanquished Creatures
  An ogre (D:4)
  A scorpion (D:4)
  A hound (D:3)
  An adder (D:2)
  A worm (D:2)
  A dart slug (D:1)
  A leopard gecko (D:2)
  An orc (D:3)
  4 giant cockroaches
  4 goblins
  7 hobgoblins
  5 jackals
  2 quokkas
  4 bats (D:2)
  2 frilled lizards
  5 kobolds
  5 rats
46 creatures vanquished.

Notes
Turn   | Place    | Note
-------+----------+-------------------------------------------
     0 | D:1      | Hasart the Deep Elf Fire Elementalist began the quest for the Orb.
     0 | D:1      | Reached XP level 1. HP: 10/10 MP: 6/6
   209 | D:1      | Reached XP level 2. HP: 15/15 MP: 6/8
  1021 | D:2      | Reached XP level 3. HP: 16/19 MP: 6/9
  1125 | D:2      | Reached skill level 4 in Fire Magic
  1128 | D:2      | Found a white marble altar of Elyvilon.
  1885 | D:2      | Noticed Sigmund
  2199 | D:3      | Noticed Hasart's ghost (weakling DEFE)
  2330 | D:3      | Found a glowing golden altar of the Shining One.
  2421 | D:3      | Found a faded altar of an unknown god.
  2620 | D:3      | Found a burning altar of Makhleb.
  2625 | D:3      | Reached XP level 4. HP: 23/24 MP: 6/11
  2794 | D:4      | Reached XP level 5. HP: 23/28 MP: 9/13
  2829 | D:4      | Learned a level 4 spell: Sticky Flame
  2835 | D:4      | Learned a level 5 spell: Fireball
  2840 | D:4      | Noticed an ogre
  2846 | D:4      | Killed an ogre
  2846 | D:4      | Reached skill level 5 in Fire Magic
  2847 | D:4      | Noticed Blork the orc
  2883 | D:3      | Killed from afar by Hasart's ghost

Vault maps used:
D:1:      minmay_arrival_widening_spiral_wide
D:2:      elyvilon_altar_5, serial_co_window_serial, co_window_corner_a,
          co_window_of_opportunity_a, co_window_paths_b, co_window_paths_a,
          co_window_paths_a, co_window_paths_a, co_window_corner_a,
          co_window_corner_a, co_window_paths_a, co_window_of_opportunity_b,
          co_window_of_opportunity_c, co_window_broadway_b,
          co_window_of_opportunity_b, co_window_unsneaky_path_e,
          co_window_of_opportunity_b, glass_columns_a, glass_columns_c,
          glass_columns_a, glass_columns_b, glass_columns_a, uniq_sigmund
D:3:      nicolae_overflow_crystal_walls, makhleb_heckhound_becter,
          chequers_ecumenical_altar_island, first_bread,
          kennysheep_generic_room_2
D:4:      nicolae_qazlal_eye_of_the_storm, lemuel_coloured_pillars_altar,
          uniq_blork_the_orc, uniq_menkaure

Skill      XL: |  1  2  3  4  5 |
---------------+----------------+-----
Conjurations   | 2 3 4 |  4.0
Fire Magic     | 4 5 |  5.1
Spellcasting   | 4 |  4.4
Dodging        | |  2.4
Stealth        | |  2.4

Action                   |  1- 3 |  4- 6 || total
-------------------------+-------+-------++-------
Melee: Unarmed           |     3 |       ||     3
       Spear             |     7 |     1 ||     8
 Cast: Flame Tongue      |    90 |    15 ||   105
       Sticky Flame      |       |     3 ||     3
  Use: Scroll            |     3 |       ||     3
       Potion            |     1 |       ||     1
 Stab: Sleeping          |       |     1 ||     1
  Eat: Chunk             |     5 |     1 ||     6
Armor: Robe              |     3 |       ||     3
       Leather armour    |     9 |     2 ||    11
Dodge: Dodged            |    43 |     8 ||    51

Table legend:
 A = Spawn XP
 B = Non-spawn XP
 C = Spawn XP percentage of total XP
 D = Spawn monster count
 E = Non-spawn monster count
 F = Spawn count percentage of total count
 G = Total turns spent on level
                    A         B        C        D         E        F      G
               +---------+---------+-------+---------+---------+-------+---------
         Total |       0 |     319 |   0.0 |       0 |      46 |   0.0 |  2883
               +---------+---------+-------+---------+---------+-------+---------
           D:1 |       0 |      21 |   0.0 |       0 |      11 |   0.0 |   651
           D:2 |       0 |      51 |   0.0 |       0 |      22 |   0.0 |  1648
           D:3 |       0 |      60 |   0.0 |       0 |      11 |   0.0 |   520
           D:4 |       0 |     187 |   0.0 |       0 |       2 |   0.0 |    64
               +---------+---------+-------+---------+---------+-------+---------
